Construct Light Support Kompanie
Selects Defensive Operations
Selects Territory Booby Traps
Selects Obice 305mm Barrage
Selects Registered Artillery
Selects Towed Cannone da 105/28 Field Howitzer
Panzerjäger Mechanized Group
Kradschützen Motorcycle Team
Construct Panzerarmee Kommand